 Dungeon Sprint DCSS version 0.19.1-1-g22dce08 (webtiles) character file.

5032 Groucho the Protected (level 10, -8/68 HPs)
             Began as a Gargoyle Fighter on Jan 1, 2017.
             Was the Champion of Qazlal.
             Mangled by a large abomination (19 damage)
             ... in the Dungeon (Sprint VII: "The Pits").
             The game lasted 00:07:04 (2676 turns).

Groucho the Protected (Gargoyle Fighter)            Turns: 2676, Time: 00:07:04

Health: -8/68      AC: 34    Str: 22    XL:     10   Next: 55%
Magic:  4/18       EV: 12    Int: 13    God:    Qazlal [******]
Gold:   0          SH: 21    Dex: 12    Spells: 0 memorised, 9 levels left

rFire  . . .     SeeInvis .     r - +0 flail (protect)
rCold  . . .     Gourm    .     s - +3 chain mail
rNeg   + . .     Faith    .     c - +0 shield
rPois  ∞         Spirit   .     (no helmet)
rElec  +         Reflect  .     x - +0 cloak
rCorr  .         Harm     .     (no gloves)
MR     .....     NoTele   +     (no boots)
Stlth  ..........               (no amulet)
                                u - +3 ring of intelligence
                                t - +3 ring of dexterity

@: protected from physical damage, protection aura, repel missiles
A: negative energy resistance 1, electricity resistance, unbreathing,
petrification resistance, rot immunity, AC +7
a: Upheaval, Elemental Force, Disaster Area, Renounce Religion


You were in the Dungeon.
You worshipped Qazlal.
Qazlal was exalted by your worship.
You were full.

You visited 1 branch

Inventory:

Hand Weapons
 g - a +2 mace
 r - a +0 flail of protection (weapon)
Missiles
 p - 10 stones (quivered)
Armour
 c - a +0 shield (worn)
 s - a +3 chain mail (worn)
 x - a +0 cloak (worn)
Jewellery
 t - a +3 ring of dexterity (left hand)
 u - a +3 ring of intelligence (right hand)
Scrolls
 h - 3 scrolls of remove curse
 k - a scroll of blinking
 l - 5 scrolls of amnesia
 m - a scroll of summoning
Potions
 a - 2 potions of invisibility
 d - a potion of might
 e - 6 potions of curing
 i - 4 potions of magic
 j - 5 potions of berserk rage
 q - 13 potions of heal wounds
 v - 2 potions of cure mutation
 w - a potion of resistance
Comestibles
 f - 7 bread rations
 n - 32 fruits
 o - 7 meat rations


   Skills:
 + Level 10.3 Fighting
 * Level 9.4 Maces & Flails
 * Level 12.5 Armour
 + Level 8.4 Dodging
 * Level 12.4 Shields
 * Level 11.1 Invocations


You had 9 spell levels left.
You didn't know any spells.

Dungeon Overview and Level Annotations

Branches:
Dungeon (1/1)

Altars:
Ashenzari
Cheibriados
Dithmenos
Elyvilon
Fedhas
Gozag
Hepliaklqana
Kikubaaqudgha
Makhleb
Nemelex Xobeh
Okawaru
Qazlal
Ru
Sif Muna
Trog
Uskayaw
Vehumet
Xom
Yredelemnul
Zin
The Shining One
Beogh
Jiyva
Lugonu


Innate Abilities, Weirdness & Mutations

You are resistant to torment.
Your stone body is resilient. (AC +7)
You are immune to poison.
You resist negative energy. (rN+)
You are resistant to electric shocks. (rElec)
You can survive without breathing.
You are immune to petrification.
You are immune to rotting.


Message History

The blast of ice hits the vampire knight.
The vampire knight partially resists.
The vampire knight is heavily damaged.
The vampire knight is flash-frozen.
The blast of ice hits the bog body.
The bog body partially resists.
You destroy the bog body!
Qazlal accepts your kill.
The blast of magma engulfs the vampire knight.
The vampire knight is heavily damaged.
The blast of ice hits the vampire knight.
The vampire knight partially resists.
The vampire knight is severely damaged.
The blast of magma engulfs the rust devil.
The rust devil partially resists.
The rust devil is lightly wounded.
The smoke demon hits you but does no damage.
You block the smoke demon's attack. x2
The large abomination is engulfed in roaring flames.
The large abomination hits you!!
You die...

...##.)###...# ..+
...##)..##††.##..#
...###...##'##..## ...#
##.........≈##
...###..###'###§≈≈##+##
...##..##)....##≈.#†4.
#####..()).....+§§.≈
#####.)##)....##XV#
..[###..###'###3@.#
.[[# ##.....†§≈§{##
.))# #...##†##§§##
.))##...##...##≈.#
.))##..###...###..+
####### ##### ###


You could see a vampire knight, a large abomination, a rust devil and a smoke
demon.

Vanquished Creatures
  Erica (D)
  A hill giant (D)
  A manticore (D)
  An elephant (D)
  A komodo dragon (D)
  A troll (D)
  A merfolk (D)
  A bog body (D)
  A shadow (D)
  A spriggan (D)
  A redback (D)
  2 wyverns (D)
  4 vampire mosquitoes (D)
  A necrophage (D)
  2 phantoms (D)
  An ogre (D)
  A centaur (D)
  2 big kobolds (D)
  A bullfrog (D)
  8 wights (D)
  A crimson imp (D)
  An orc priest (D)
  An orc wizard (D)
  A worker ant (D)
  A mummy (D)
  A gnoll (D)
  An adder (D)
  A river rat (D)
  2 oozes (D)
  2 orcs (D)
  2 ball pythons (D)
  A bat skeleton (D)
  A giant cockroach (D)
  A hobgoblin (D)
  A ball python skeleton (D)
  A bat (D)
  2 rats (D)
54 creatures vanquished.

Notes
Turn   | Place    | Note
-------+----------+-------------------------------------------
     0 | D        | Groucho the Gargoyle Fighter began the quest for the Orb.
     0 | D        | Reached XP level 1. HP: 14/14 MP: 1/1
    30 | D        | Reached XP level 2. HP: 4/20 MP: 2/2
   496 | D        | Found a radiant altar of Vehumet.
   496 | D        | Found a hide-covered altar of Uskayaw.
   496 | D        | Found an ancient bone altar of Kikubaaqudgha.
   496 | D        | Found a viscous altar of Jiyva.
   496 | D        | Found a hazy altar of Hepliaklqana.
   497 | D        | Found a bloodstained altar of Trog.
   497 | D        | Found a deep blue altar of Sif Muna.
   497 | D        | Found a sacrificial altar of Ru.
   497 | D        | Found a stormy altar of Qazlal.
   497 | D        | Found an iron altar of Okawaru.
   497 | D        | Found a sparkling altar of Nemelex Xobeh.
   497 | D        | Found an opulent altar of Gozag.
   497 | D        | Found a blossoming altar of Fedhas.
   497 | D        | Found a white marble altar of Elyvilon.
   497 | D        | Found a shadowy altar of Dithmenos.
   497 | D        | Found a snail-covered altar of Cheibriados.
   498 | D        | Found a glowing golden altar of the Shining One.
   498 | D        | Found a glowing silver altar of Zin.
   499 | D        | Found a burning altar of Makhleb.
   499 | D        | Found a basalt altar of Yredelemnul.
   499 | D        | Found a roughly hewn altar of Beogh.
   500 | D        | Found a corrupted altar of Lugonu.
   500 | D        | Found a shimmering altar of Xom.
   500 | D        | Found a shattered altar of Ashenzari.
   504 | D        | Became a worshipper of Qazlal Stormbringer
   825 | D        | Reached * piety under Qazlal
   825 | D        | Reached XP level 3. HP: 22/24 MP: 3/3
   836 | D        | Reached skill level 5 in Fighting
   836 | D        | Reached skill level 5 in Armour
   836 | D        | Reached skill level 5 in Shields
  1032 | D        | Reached ** piety under Qazlal
  1040 | D        | Noticed a phantom
  1054 | D        | Killed a phantom
  1054 | D        | Reached skill level 5 in Maces & Flails
  1054 | D        | Reached XP level 4. HP: 23/32 MP: 4/4
  1054 | D        | Reached XP level 5. HP: 26/37 MP: 5/5
  1367 | D        | Noticed a necrophage
  1372 | D        | Reached *** piety under Qazlal
  1372 | D        | Reached skill level 1 in Dodging
  1387 | D        | Killed a necrophage
  1387 | D        | Reached XP level 6. HP: 40/42 MP: 6/8
  1402 | D        | Reached **** piety under Qazlal
  1458 | D        | Reached skill level 5 in Invocations
  1458 | D        | Reached XP level 7. HP: 48/48 MP: 6/10
  1769 | D        | Noticed a wyvern
  1783 | D        | Killed a wyvern
  1918 | D        | Reached ***** piety under Qazlal
  1932 | D        | Reached skill level 5 in Dodging
  1932 | D        | Reached XP level 8. HP: 54/54 MP: 9/12
  1936 | D        | Noticed Erica
  1965 | D        | Killed Erica
  1965 | D        | Reached skill level 10 in Armour
  1965 | D        | Reached skill level 10 in Shields
  2091 | D        | Noticed a komodo dragon
  2104 | D        | Killed a komodo dragon
  2104 | D        | Reached XP level 9. HP: 47/60 MP: 15/15
  2136 | D        | Noticed a hill giant
  2138 | D        | Noticed a manticore
  2146 | D        | Killed a hill giant
  2146 | D        | Reached ****** piety under Qazlal
  2157 | D        | Killed a manticore
  2194 | D        | Noticed a merfolk
  2202 | D        | Killed a merfolk
  2202 | D        | Reached skill level 10 in Invocations
  2213 | D        | Noticed an elephant
  2234 | D        | Killed an elephant
  2234 | D        | Reached XP level 10. HP: 42/68 MP: 9/17
  2615 | D        | Reached skill level 10 in Fighting
  2670 | D        | Noticed a smoke demon
  2674 | D        | Noticed a vampire knight
  2676 | D        | Noticed a rust devil
  2676 | D        | Mangled by a large abomination

Skill      XL: |  1  2  3  4  5  6  7  8  9 10 |
---------------+-------------------------------+-----
Fighting       | 4 6 7 8 9 10 | 10.3
Shields        | 4 6 7 8 9 10 11 12 | 12.4
Maces & Flails | 3 5 6 7 8 9 |  9.4
Armour         | 4 6 7 8 9 10 11 12 | 12.5
Dodging        | 2 3 5 6 7 8 |  8.4
Invocations    | 3 5 6 8 10 11 | 11.1

Action                   |  1- 3 |  4- 6 |  7- 9 | 10-12 || total
-------------------------+-------+-------+-------+-------++-------
Melee: Flail             |    16 |    67 |   133 |    58 ||   274
       Mace              |    35 |       |       |       ||    35
Invok: Upheaval          |       |     2 |     6 |       ||     8
       Disaster Area     |       |       |       |     2 ||     2
  Use: Potion            |     2 |       |       |       ||     2
  Eat: Chunk             |     1 |       |       |       ||     1
       Bread ration      |       |     1 |       |       ||     1
       Fruit             |       |       |       |     8 ||     8
Armor: Scale mail        |    16 |       |       |       ||    16
       Chain mail        |       |    20 |    57 |    40 ||   117
Dodge: Dodged            |    15 |    10 |    31 |    31 ||    87
Block: Shield            |    24 |    40 |   144 |    95 ||   303
